 Dungeon Crawl Stone Soup version 0.30-a0-586-g23e55c9e0a (webtiles) character file.

Game seed: 15033054700586293080

547 Citaku the Covered (level 7, 0/62 HPs)
             Began as a Minotaur Fighter on Jan 3, 2023.
             Was an Initiate of Okawaru.
             Succumbed to a gnoll's poison
             ... on level 4 of the Dungeon.
             The game lasted 00:07:19 (3727 turns).

Citaku the Covered (Minotaur Fighter)               Turns: 3727, Time: 00:07:19

Health: 0/62       AC: 10    Str: 26    XL:     7   Next: 7%
Magic:  6/6        EV:  5    Int:  5    God:    Okawaru [......]
Gold:   234        SH:  0    Dex: 12    Spells: 6/6 levels left

rFire   + . .      SeeInvis .    a - +0 war axe
rCold   . . .      Faith    .    c - +0 buckler
rNeg    . . .      Spirit   .    b - +0 scale mail
rPois   .          Reflect  .    (helmet restricted)
rElec   .          Harm     .    (no cloak)
rCorr   .          Rampage  .    s - +0 pair of gloves
Will    .....                    y - +0 pair of boots Stlth
                                 k - amulet of the acrobat
HPRegen 0.30/turn                q - +6 ring of strength
MPRegen 0.10/turn                A - ring of protection from fire

@: confused, lethally poisoned (0 -> -4), held
A: horns 2, retaliatory headbutt
a: Renounce Religion


You were on level 4 of the Dungeon.
You worshipped Okawaru.
Okawaru was noncommittal.
You visited 2 branches of the dungeon, and saw 5 of its levels.

You collected 234 gold pieces.

Inventory:

Hand Weapons
 a - a +0 war axe (weapon)
Armour
 b - a +0 scale mail (worn)
 c - a +0 buckler (worn)
 s - a +0 pair of gloves (worn)
 y - a +0 pair of boots (worn)
Jewellery
 k - an amulet of the acrobat (around neck)
 q - a +6 ring of strength (left hand)
 A - a ring of protection from fire (right hand)
Wands
 w - a wand of flame (12)
 B - a wand of iceblast (6)
Scrolls
 f - 8 scrolls of identify {unknown}
 i - a scroll of torment {unknown}
 l - 2 scrolls of magic mapping {unknown}
 n - a scroll of brand weapon {unknown}
 o - 3 scrolls of immolation
 t - 2 scrolls of teleportation {unknown}
 v - a scroll of fear {unknown}
 z - 3 scrolls of enchant weapon {unknown}
 C - a scroll of blinking {unknown}
Potions
 d - 2 potions of might
 e - a potion of haste {unknown}
 g - a potion of cancellation {unknown}
 h - a potion of degeneration {unknown}
 j - 2 potions of heal wounds {unknown}
 m - 2 potions of curing {unknown}
 p - a potion of ambrosia {unknown}
 r - a potion of mutation {unknown}
 u - 2 potions of lignification {unknown}
 x - 2 potions of flight {unknown}


   Skills:
 + Level 5.7 Fighting
 + Level 5.0 Axes
 + Level 5.8 Armour
 + Level 5.7 Shields


You had 6 spell levels left.
You didn't know any spells.
Your spell library contained the following spells:

 Spells                   Type           Power      Damage    Failure   Level
 Slow                     Hex            0%         N/A       83%         1
 Confusing Touch          Hex            0%         N/A       99%         3
 Vampiric Draining        Necr           0%         2d6       99%         3


Dungeon Overview and Level Annotations

Branches:
Dungeon (4/15)             Temple (1/1) D:4

Altars:
Ashenzari
Cheibriados
Dithmenos
Elyvilon
Fedhas
Gozag
Nemelex Xobeh
Okawaru
Qazlal
Ru
Sif Muna
Trog
Uskayaw
Vehumet
Wu Jian
Xom
Yredelemnul
Zin
The Shining One

Shops:
D:2 !   D:3 (

Annotations:
D:4 1 transporter, Zigma's ghost, amateur DrSu


Innate Abilities, Weirdness & Mutations

You have a pair of horns on your head.
You reflexively headbutt those who attack you in melee.


Message History

The gnoll hits you from afar with a +0 halberd!
You bump into the stone wall.
You feel sick.
The gnoll hits you with a +1 spear of venom.
The gnoll hits you from afar with a +0 halberd.
The gnoll zaps a wand.
You resist with some effort.
You're too confused to move!
You feel sick. The gnoll barely misses you.
The gnoll hits you from afar with a +0 halberd!
You're too confused to move!
You feel sick.
The gnoll hits you with a +1 spear of venom.
* * * LOW HITPOINT WARNING * * *
You are more poisoned.
The gnoll closely misses you.
You slash the gnoll!
You kill the gnoll!
Okawaru accepts your kill.
You slash the gnoll!
You feel less confused.
* * * LOW HITPOINT WARNING * * *
You feel very sick.
The gnoll zaps a wand.
Your will is overpowered!
You are confused.
The gnoll closely misses you.
Your Axes skill increases to level 5!
You hit the gnoll.
You kill the gnoll!
Okawaru accepts your kill.
* * * LOW HITPOINT WARNING * * *
You feel very sick.
The gnoll hits you from afar with a +0 halberd.
* * * LOW HITPOINT WARNING * * *
You bump into the stone wall.
* * * LOW HITPOINT WARNING * * *
You feel sick.
The gnoll throws a throwing net.
The throwing net hits you.
You become entangled in the net!
The gnoll hits you but does no damage.
You tear a large gash into the net.
* * * LOW HITPOINT WARNING * * *
You feel sick. The gnoll hits you but does no damage.
The gnoll barely misses you.
You struggle against the net.
You die...

#.≈≈#g..#.###.©.###.#g..#≈≈.....
##.≈≈#...###.#####.###...#≈≈.##..
#..≈≈###........$......###≈≈.##..
#..≈≈.8#.######'###'##.#8.≈≈.##..
#..≈≈.##.#. #8(.#...#.##.≈≈.##.#
#..~~.#g.W #⌠©.....'..#.~~.##.#
#..≈≈.##.# #8..#...#.##.≈≈....#
#..≈≈.8#.######/###'##.#8.≈≈...##
#..≈≈###......g)@.g....###≈≈.#.#
#..≈≈#.!W###.#####©###...#≈≈.#.#
#..≈≈#...#.###.©.###.#...#≈≈.#.#
#..≈≈#####...........#####≈≈...#
#..≈≈≈≈≈≈≈≈≈≈≈≈~≈≈≈≈≈≈≈≈≈≈≈≈...#
#..≈≈≈≈≈≈≈≈≈≈≈≈~≈≈≈≈≈≈≈≈≈≈≈≈..##
#.............................#
#.............................#
###############################


You could see 2 gnolls.

Vanquished Creatures
  Sigmund (D:3)
  A scorpion (D:4)
  An orc priest (D:4)
  An iguana (D:4)
  Jessica (D:3)
  Ijyb (D:3)
  2 orc wizards
  3 gnolls (D:4)
  4 adders
  4 worms
  2 dart slugs
  13 orcs
  7 ball pythons
  5 bats
  3 endoplasms
  A giant cockroach (D:3)
  8 goblins
  7 hobgoblins
  6 quokkas
  3 frilled lizards (D:1)
  3 kobolds
  5 rats
82 creatures vanquished.

Vanquished Creatures (others)
  6 plants (D:4)
6 creatures vanquished.

Grand Total: 88 creatures vanquished

Notes
Turn   | Place    | Note
-------+----------+-------------------------------------------
     0 | D:1      | Citaku the Minotaur Fighter began the quest for the Orb.
     0 | D:1      | Reached XP level 1. HP: 19/19 MP: 0/0
   165 | D:1      | Reached XP level 2. HP: 24/27 MP: 1/1
   778 | D:2      | Reached XP level 3. HP: 33/33 MP: 2/2
  1074 | D:2      | Found Jextojiq's Distillery.
  1285 | D:2      | Found a faded altar of an unknown god.
  1303 | D:2      | Reached XP level 4. HP: 40/40 MP: 3/3
  2038 | D:3      | Found Haygav's Antique Weapon Emporium.
  2113 | D:3      | Noticed Sigmund
  2119 | D:3      | Killed Sigmund
  2120 | D:3      | Reached skill level 5 in Fighting
  2120 | D:3      | Reached skill level 5 in Armour
  2120 | D:3      | Reached skill level 5 in Shields
  2120 | D:3      | Reached XP level 5. HP: 48/48 MP: 4/4
  2126 | D:3      | Reached XP level 6. HP: 56/56 MP: 5/5
  2407 | D:3      | Noticed Ijyb
  2417 | D:3      | Killed Ijyb
  2660 | D:3      | Noticed Jessica
  2671 | D:3      | Killed Jessica
  2976 | D:4      | Found a staircase to the Ecumenical Temple.
  3008 | Temple   | Entered the Ecumenical Temple
  3146 | Temple   | Became a worshipper of Warmaster Okawaru
  3469 | D:4      | Found a transporter.
  3487 | D:4      | Reached XP level 7. HP: 62/62 MP: 6/6
  3633 | D:4      | Found a transporter.
  3663 | D:4      | Noticed Zigma's ghost (amateur DrSu)
  3724 | D:4      | Reached skill level 5 in Axes
  3725 | D:4      | HP: 2/62 [poisoned by a gnoll]
  3727 | D:4      | Succumbed to a gnoll's poison

Illustrated notes

Levels and vault maps discovered:
D:1:      lightli_arrival_chessboard, layout_basic
D:2:      layout_basic, serial_shops, nicolae_shop_statue_plus,
          hellmonk_ecumenical_altar_blasted, serial_corexii_hall,
          corexii_hall_statues_x, corexii_hall_statues_deadend,
          corexii_hall_statues_x, corexii_hall_statues_x,
          corexii_hall_statues_u, chequers_hall_statues_corner_a
D:3:      layout_basic, serial_shops, shop, uniq_ijyb, uniq_sigmund,
          uniq_jessica
D:4:      layout_loops_ring, minmay_temple_entry_large_hall,
          gammafunk_ghost_gnarly_gnolls, dk_vineyard_1
Temple:   nicolae_temple_bog_church

Skill      XL: |  1  2  3  4  5  6  7 |
---------------+----------------------+-----
Armour         | 4 5 |  5.8
Fighting       | 4 5 |  5.7
Axes           | 3 4 5 |  5.0
Shields        | 4 5 |  5.7

Action                   |  1- 3 |  4- 6 |  7- 9 || total
-------------------------+-------+-------+-------++-------
Melee: War axe           |    67 |    88 |    10 ||   165
       Headbutt          |    12 |    17 |     2 ||    31
  Use: Potion            |       |     1 |       ||     1
Armor: Scale mail        |    38 |    47 |     6 ||    91
Dodge: Dodged            |    33 |    48 |    12 ||    93
Block: Buckler           |    23 |    14 |     1 ||    38

Table legend: (Time is in decaauts)
 A = Elapsed time spent in this place.
 B = Non-inter-level travel time spent in this place.
 C = Inter-level travel time spent in this place.
 D = Time resting spent in this place.
 E = Time spent auto-exploring this place.
 F = Levels seen in this place.
 G = Mean time per level.
                   A        B        C        D        E       F      G
               +--------+--------+--------+--------+--------+-----+--------+
         Total |   3803 |   3803 |      0 |      0 |   2625 |   5 |  760.6 |
       Dungeon |   3477 |   3477 |      0 |      0 |   2461 |   4 |  869.2 |
        Temple |    325 |    325 |      0 |      0 |    164 |   1 |  325.0 |
               +--------+--------+--------+--------+--------+-----+--------+

Top non-repeatable levels by time:
     D:2: 1160 daAuts
     D:3: 1002 daAuts
     D:1: 742 daAuts
     D:4: 571 daAuts
  Temple: 325 daAuts
